 Dungeon Crawl Stone Soup version 0.31-a0-175-g9f7f995f2b (webtiles) character file.

Game seed: 13848281137489726394

323 innerfire43 the Ruffian (level 6, -7/59 HPs)
             Began as a Troll Monk on June 16, 2023.
             Killed from afar by a white imp (10 damage)
             ... with a puff of frost
             ... on level 4 of the Dungeon.
             The game lasted 00:05:29 (2601 turns).

innerfire43 the Ruffian (Troll Monk)                Turns: 2601, Time: 00:05:33

Health: -7/59      AC:  4    Str: 21    XL:     6   Next: 23%
Magic:  5/5        EV: 10    Int: 10    God:
Gold:   237        SH:  0    Dex: 11    Spells: 5/5 levels left

rFire   . .          .
                       - Unarmed
rCold   . . .        c - orb {light}
rNeg    + . .        a - +0 robe
rPois   .            (helmet restricted)
rElec   .            (no cloak)
rCorr   .            (gloves unavailable)
SInv    .            (boots unavailable)
Will    .....        g - amulet of regeneration
Stlth   +            j - ring of fire
HPRegen 1.89/turn    n - ring "Femoplax" {Ice rN+}
MPRegen 0.09/turn

%: no passive effects
@: confused, ambrosia-drunk, glowing
A: large, unfitting armour, claws 3, regeneration 1, shaggy fur 1, tough skin 1,
horns 1, clever 1, MP-powered wands
a: no special abilities


You were on level 4 of the Dungeon.
You visited 1 branch of the dungeon, and saw 4 of its levels.
You also visited: Sewer.

You collected 237 gold pieces.

Inventory:

Hand Weapons
 h - a +1 spear of flaming
Armour
 a - a +0 robe (worn)
 c - an orb of light (worn)
Jewellery
 g - an amulet of regeneration (around neck)
 j - a ring of fire (left claw)
 k - a ring of protection from cold
 n - the ring "Femoplax" (right claw) {Ice rN+}
   (You found it on level 3 of the Dungeon)

   [ring of ice]

   It enhances your ice magic.
   rF:        It makes you vulnerable to fire.
   rC:        It protects you from cold.
   rN:        It protects you from negative energy.
Scrolls
 d - 5 scrolls of identify {unknown}
 e - a scroll of revelation {unknown}
 f - 3 scrolls of teleportation {unknown}
 i - a scroll of blinking {unknown}
 q - a scroll of enchant weapon {unknown}
 r - a scroll of immolation {unknown}
 s - a scroll of fear {unknown}
Potions
 l - a potion of curing {unknown}
 m - 6 potions of enlightenment
 o - 2 potions of haste {unknown}
 p - 2 potions of heal wounds {unknown}
 t - 2 potions of brilliance {unknown}


   Skills:
 + Level 2.9 Fighting
 * Level 3.6 Dodging
 * Level 5.9 Unarmed Combat


You had 5 spell levels left.
You didn't know any spells.
Your spell library contained the following spells:

 Spells                   Type           Power      Damage    Failure   Level
 Sublimation of Blood     Necr           0%         N/A       50%         2
 Petrify                  Tmut/Erth      0%         N/A       98%         4
 Irradiate                Conj/Tmut      0%         3d11      100%        5


Dungeon Overview and Level Annotations

Branches:
Dungeon (4/15)              Sewer (visited)
 Temple: D:4-7

Altars:
Vehumet

Shops:
D:1 (   D:3 *

Annotations:
D:4 Edmund


Innate Abilities, Weirdness & Mutations

You are too large for most types of armour.
You have claws for hands.
Your natural rate of healing is unusually fast.
You are covered in fur. (AC +1)
You have tough skin. (AC +1)
You have a pair of small horns on your head.
Your mind is acute. (Int +4, Str/Dex -1)
You expend magic power (3 MP) to strengthen your wands.


Message History

Edmund hits you with a +2 flail of protection.
The shadow imp hits you.
You scratch Edmund but do no damage.
Edmund is lightly wounded.
Edmund hits you with a +2 flail of protection.
The shadow imp shouts, "Out, out, thou reeling-ripe milk-livered snake-molt!"
The shadow imp barely misses you.
You barely miss Edmund.
Edmund is lightly wounded.
Edmund barely misses you.
The white imp hits you but does no damage.
The shadow imp hits you.
You claw Edmund! You headbutt Edmund.
Edmund is moderately wounded.
Edmund hits you with a +2 flail of protection.
The shadow imp hits you. The white imp hits you. The white imp freezes you.
You scratch Edmund but do no damage.
Edmund is moderately wounded.
The white imp gestures at you. The puff of frost hits you!
The shadow imp hits you.
Edmund hits you with a +2 flail of protection!
* * * LOW HITPOINT WARNING * * *
You scratch Edmund but do no damage. You headbutt Edmund, but do no damage.
Edmund is moderately wounded.
You scratch Edmund but do no damage.
Edmund is moderately wounded.
The white imp hits you.
* * * LOW HITPOINT WARNING * * *
The white imp freezes you.
* * * LOW HITPOINT WARNING * * *
Edmund hits you with a +2 flail of protection!
* * * LOW HITPOINT WARNING * * *
The shadow imp hits you but does no damage.
You are confused.
You feel invigorated.
Edmund hits you with a +2 flail of protection!
* * * LOW HITPOINT WARNING * * *
The white imp gestures at you. The puff of frost hits you!
You die...

# ###. ....## .#
..... )# #.#.###
..# #.....#...#
#..≈≈@#...###
#..≈≈@.......
.###...5P5.>....
.......<##......
..##.#..........
# ##.##...PPP
... ..P≈§ #.#
..≈≈ #.# ..PP
..# #


You could see Edmund, a white imp and a shadow imp.

Vanquished Creatures
  2 orc priests (D:3)
  A gnoll (D:1)
  10 adders
  6 river rats
  3 worms
  3 dart slugs
  3 orcs (D:3)
  11 ball pythons
  2 endoplasms
  7 giant cockroaches
  6 goblins
  3 hobgoblins
  6 jackals
  7 quokkas
  13 bats
  9 frilled lizards
  2 kobolds (D:1)
  11 rats
105 creatures vanquished.

Notes
Turn   | Place    | Note
-------+----------+-------------------------------------------
     0 | D:1      | innerfire43 the Troll Monk began the quest for the Orb.
     0 | D:1      | Reached XP level 1. HP: 22/22 MP: 0/0
    63 | D:1      | Found Foanow's Weapon Emporium.
    90 | D:1      | Reached XP level 2. HP: 29/29 MP: 1/1
   276 | D:1      | Reached XP level 3. HP: 29/36 MP: 2/2
   456 | D:1      | Found a faded altar of an unknown god.
   661 | D:2      | Found a radiant altar of Vehumet.
   813 | D:2      | Reached skill level 4 in Unarmed Combat
   870 | D:2      | Reached XP level 4. HP: 44/44 MP: 3/3
  1149 | D:3      | Identified the ring "Femoplax" {Ice rN+}
  1313 | D:3      | Found Cuila's General Store.
  1354 | D:3      | Found a glowing drain.
  1374 | Sewer    | Entered a sewer
  1501 | Sewer    | Reached XP level 5. HP: 47/50 MP: 4/4
  1559 | Sewer    | Reached skill level 5 in Unarmed Combat
  2191 | Sewer    | Gained mutation: Your mind is acute. (Int +4, Str/Dex -1)
                  | [potion of mutation]
  2191 | Sewer    | Gained mutation: You expend magic power (3 MP) to
                  | strengthen your wands. [potion of mutation]
  2191 | Sewer    | Gained mutation: You have a pair of small horns on your
                  | head. [potion of mutation]
  2387 | D:3      | Reached XP level 6. HP: 43/59 MP: 5/5
  2588 | D:4      | Noticed Edmund
  2601 | D:4      | Killed from afar by a white imp

Illustrated notes

Levels and vault maps discovered:
D:1:      spicycebolla_green_bress_n_ham, layout_basic, serial_shops, shop,
          hellmonk_ecumenical_altar_run_dry, nicolae_grassy_gnolls
D:2:      layout_rooms, serial_corexii_hall, corexii_hall_statues_s,
          chequers_hall_statues_corner_a, basic_altar,
          minmay_fractal_squares_gapless_5
D:3:      layout_rooms, portal_sewer_entry_a, serial_shops,
          nicolae_shop_peninsula
D:4:      layout_loops_ring, serial_demonic, serial_demonic_g, serial_demonic_e,
          serial_demonic_d, serial_demonic_g, serial_shops,
          nicolae_shop_behind_doors, uniq_eustachio, uniq_edmund

Skill      XL: |  1  2  3  4  5 |
---------------+----------------+-----
Dodging        | 3 |  3.6
Unarmed Combat | 4 5 |  5.9
Fighting       | |  2.9

Action                     |  1- 3 |  4- 6 || total
---------------------------+-------+-------++-------
  Melee: Unarmed           |    76 |   146 ||   222
         Headbutt          |       |     8 ||     8
    Use: Potion            |       |     2 ||     2
 Armour: Robe              |    24 |   101 ||   125
  Dodge: Dodged            |    34 |   101 ||   135

Table legend: (Time is in decaauts)
 A = Elapsed time spent in this place.
 B = Non-inter-level travel time spent in this place.
 C = Inter-level travel time spent in this place.
 D = Time resting spent in this place.
 E = Time spent auto-exploring this place.
 F = Levels seen in this place.
 G = Mean time per level.
                   A        B        C        D        E       F      G
               +--------+--------+--------+--------+--------+-----+--------+
         Total |   2580 |   2498 |     82 |      0 |   1462 |   5 |  516.0 |
       Dungeon |   1643 |   1561 |     82 |      0 |   1152 |   4 |  410.8 |
         Sewer |    937 |    937 |      0 |      0 |    310 |   1 |  937.0 |
               +--------+--------+--------+--------+--------+-----+--------+

Top non-repeatable levels by time:
   Sewer: 937 daAuts
     D:1: 560 daAuts
     D:3: 535 daAuts
     D:2: 535 daAuts
     D:4: 11 daAuts
